 Dungeon Crawl Stone Soup version 0.17.1-2-g5865329 (webtiles) character file.

903 Yercesthegreat the Spear-Bearer (level 8, 0/64 HPs)
             Began as a Hill Orc Fighter on Jan 10, 2016.
             Was a Follower of Kikubaaqudgha.
             Succumbed to a water moccasin's poison
             ... on level 6 of the Dungeon.
             The game lasted 00:23:34 (5002 turns).

Yercesthegreat the Spear-Bearer (Hill Orc Fighter)  Turns: 5002, Time: 00:23:34

Health: 0/64       AC: 14    Str: 19    XL:     8   Next: 7%
Magic:  8/8        EV:  3    Int:  9    God:    Kikubaaqudgha [*.....]
Gold:   219        SH: 10    Dex: 11    Spells: 1 memorised, 6 levels left

rFire  x . .     SeeInvis .     a - +0 trident
rCold  + . .     Clarity  .     p - +1 plate armour
rNeg   . . .     SustAt   .     c - +1 shield
rPois  .         Gourm    .     (no helmet)
rElec  .         Spirit   .     (no cloak)
rCorr  .         Warding  .     (no gloves)
rMut   .         Stasis   .     u - +1 pair of boots
MR     .....                    j - amulet of faith
Stlth  ..........               (no ring)
                                n - ring of ice

@: lethally poisoned (0 -> -4), not resistant to hostile enchantments, extremely
unstealthy
A: no striking features
a: Receive Corpses, Renounce Religion


You were on level 6 of the Dungeon.
You worshipped Kikubaaqudgha.
Kikubaaqudgha was aware of your devotion.
You were not hungry.

You visited 1 branch of the dungeon, and saw 6 of its levels.

You collected 219 gold pieces.

Inventory:

Hand Weapons
 a - a +0 trident (weapon)
 w - a +0 hand axe
Missiles
 m - 6 tomahawks (quivered)
Armour
 b - a +0 scale mail
 c - a +1 shield (worn)
 p - a +1 plate armour (worn)
 u - a +1 pair of boots (worn)
 x - a +0 chain mail
 y - a +0 robe
 z - a +0 scale mail
 A - a +0 leather armour
Jewellery
 j - an amulet of faith (around neck)
 n - a ring of ice (left hand)
 t - an uncursed ring of sustain attributes {unknown}
Scrolls
 i - a scroll of fog {unknown}
 l - a scroll of noise {unknown}
 o - a scroll of enchant weapon {unknown}
 B - 2 scrolls of magic mapping
 E - a scroll of remove curse {unknown}
Potions
 d - a potion of cure mutation
 g - a potion of flight
 r - a potion of cancellation
Books
 v - Kikubaaqudgha's Incunabulum of Unholy Rites
   (Kikubaaqudgha gifted it to you on level 3 of the Dungeon)

   Spells                             Type                      Level
   a - Animate Skeleton               Necromancy                   1
   b - Corpse Rot                     Necromancy                   2
   c - Sublimation of Blood           Necromancy                   2
   d - Regeneration                   Charms/Necromancy            3
   e - Control Undead                 Necromancy                   4
Comestibles
 e - 3 bread rations
 f - a royal jelly
 q - a meat ration
 s - 4 fruits
 C - a beef jerky


   Skills:
 - Level 3.6 Fighting
 + Level 9.7 Polearms
 - Level 3.2 Armour
 - Level 3.2 Shields
 - Level 1.7 Necromancy


You had 6 spell levels left.
You knew the following spells:

 Your Spells              Type           Power        Failure   Level  Hunger
a - Animate Skeleton      Necr           N/A          100%        1    ##.....


Dungeon Overview and Level Annotations

Branches:
Dungeon (6/15)
 Temple: D:4-7

Altars:
Ashenzari
Dithmenos
Kikubaaqudgha
Yredelemnul
Zin

Annotations:
D:4 Prince Ribbit
D:5 Eustachio, Menkaure


Message History

The water moccasin is lightly wounded.
* * * LOW HITPOINT WARNING * * *
You feel sick.
The water moccasin bites you but does no damage.
Your plate armour prevents you from hitting the water moccasin.
The water moccasin is lightly wounded.
* * * LOW HITPOINT WARNING * * *
You feel sick.
The water moccasin bites you but does no damage. x2
Your plate armour prevents you from hitting the water moccasin.
The water moccasin is lightly wounded.
You block the water moccasin's attack.
You puncture the water moccasin!
The water moccasin is moderately wounded.
* * * LOW HITPOINT WARNING * * *
You feel sick. You block the water moccasin's attack.
You barely miss the water moccasin.
The water moccasin is moderately wounded.
You die...
Kikubaaqudgha rasps: "You have failed me!
Welcome... death!"

##.......##
#?........#
#.........#
#.........#
#.$.../...#
#.....<...#
##......>######
#......S....<..
#.[....@..####
#.........#
#.........#
...........#
###.......##
##.....##
#######


You could see a water moccasin.

Vanquished Creatures
  Pikel (D:4)
  3 slaves (D:4)
  2 scorpions (D:4)
  2 hounds
  A jelly (D:5)
  An orc priest (D:3)
  3 orc wizards (D:3)
  A hound skeleton (D:3)
  5 adders
  An ooze (D:1)
  A worm (D:4)
  2 giant geckos
  11 orcs
  9 bats
  3 giant cockroaches
  8 hobgoblins
  3 kobolds
  2 quokkas
  4 ball pythons
  A giant gecko skeleton (D:4)
  6 giant newts
  2 goblins
  A jackal (D:1)
  8 rats
81 creatures vanquished.

Notes
Turn   | Place    | Note
--------------------------------------------------------------
     0 | D:1      | Yercesthegreat the Hill Orc Fighter began the quest for the Orb.
     0 | D:1      | Reached XP level 1. HP: 19/19 MP: 1/1
   147 | D:1      | Reached XP level 2. HP: 19/26 MP: 2/2
   769 | D:2      | Reached XP level 3. HP: 27/31 MP: 3/3
   803 | D:2      | Found an ancient bone altar of Kikubaaqudgha.
   824 | D:2      | Reached skill level 4 in Polearms
   852 | D:2      | Became a worshipper of Kikubaaqudgha
   904 | D:2      | Found a shattered altar of Ashenzari.
  1006 | D:2      | Found a shadowy altar of Dithmenos.
  1006 | D:2      | Found a basalt altar of Yredelemnul.
  1278 | D:3      | Found a glowing silver altar of Zin.
  1404 | D:3      | Reached skill level 1 in Necromancy
  1428 | D:3      | Reached XP level 4. HP: 33/39 MP: 4/4
  1656 | D:3      | Reached * piety under Kikubaaqudgha
  1656 | D:3      | Received a gift from Kikubaaqudgha
  1659 | D:3      | Identified Kikubaaqudgha's Incunabulum of Unholy Rites (Kikubaaqudgha gifted it to you on level 3 of the Dungeon)
  1662 | D:3      | Learned a level 1 spell: Animate Skeleton
  1768 | D:3      | Reached skill level 5 in Polearms
  1768 | D:3      | Reached XP level 5. HP: 45/45 MP: 5/5
  1891 | D:3      | Reached skill level 6 in Polearms
  2210 | D:4      | Reached XP level 6. HP: 44/51 MP: 6/6
  2500 | D:4      | Reached skill level 7 in Polearms
  2752 | D:4      | Reached ** piety under Kikubaaqudgha
  3168 | D:5      | Entered Level 5 of the Dungeon
  3168 | D:5      | Noticed Prince Ribbit
  3168 | D:5      | Noticed Pikel
  3189 | D:5      | Noticed Menkaure
  3741 | D:4      | Killed Pikel
  3741 | D:4      | Reached skill level 9 in Polearms
  3741 | D:4      | Reached XP level 7. HP: 17/57 MP: 7/7
  4352 | D:5      | Noticed Eustachio
  4458 | D:4      | Reached XP level 8. HP: 13/64 MP: 8/8
  4997 | D:6      | HP: 3/64 [water moccasin (4)]
  5001 | D:6      | HP: 1/64 [poisoned by a water moccasin]
  5002 | D:6      | Succumbed to a water moccasin's poison

Action                   |  1- 3 |  4- 6 |  7- 9 || total
-------------------------+-------+-------+-------++-------
Melee: Trident           |   165 |   304 |    78 ||   547
Throw: Tomahawk          |       |     2 |       ||     2
  Use: Scroll            |     6 |     3 |     2 ||    11
       Potion            |       |     3 |     2 ||     5
  Eat: Chunk             |     1 |     4 |       ||     5
       Bread ration      |       |     1 |     1 ||     2
